 Dungeon Crawl Stone Soup version 0.20.1-1-g8b1a95d (webtiles) character file.

58 Knicklaso the Skirmisher (level 4, -2/67 HPs)
             Began as an Ogre Arcane Marksman on July 21, 2017.
             Slain by a gnoll
             ... wielding a +0 halberd
              (8 damage)
             ... on level 2 of the Dungeon.
             The game lasted 00:06:49 (2403 turns).

Knicklaso the Skirmisher (Ogre Arcane Marksman)     Turns: 2403, Time: 00:06:50

Health: -2/67      AC: 22    Str: 15    XL:     4   Next: 2%
Magic:  5/5        EV:  1    Int: 14    God:
Gold:   52         SH:  0    Dex:  9    Spells: 4/5 levels left

rFire    . . .     SeeInvis .   o - +0 whip
rCold    . . .     Gourm    .   (no shield)
rNeg     + + +     Faith    .   (armour currently unavailable)
rPois    +         Spirit   .   (helmet currently unavailable)
rElec    .         Reflect  .   (cloak currently unavailable)
rCorr    .         Harm     .   (gloves unavailable)
MR       .....     NoTele   +   (boots unavailable)
Stlth    +.........             (no amulet)
Regen    0.3/turn               (no ring)
MPRegen  0.1/turn               (no ring)

@: lethally poisoned (-2 -> -3), tree-form
A: unfitting armour
a: no special abilities


You were on level 2 of the Dungeon.
You were hungry.
You were a tree.
You visited 1 branch of the dungeon, and saw 2 of its levels.

You collected 52 gold pieces.

Inventory:

Hand Weapons
 m - a +0 club
 o - a +0 whip (weapon)
Missiles
 c - 4 large rocks
 d - 2 throwing nets
 i - 69 stones (quivered)
Armour
 a - a +0 robe (melded)
Jewellery
 j - an uncursed ring of resist corrosion {unknown}
Scrolls
 e - a scroll of amnesia {unknown}
 g - 2 scrolls of teleportation {unknown}
 l - a scroll of recharging {unknown}
 p - a scroll of identify {unknown}
Potions
 h - a potion of lignification
 n - a potion of flight {unknown}
Books
 b - a book of Debilitation

   Spells                             Type                      Level
   a - Corona                         Hexes                        1
   b - Slow                           Hexes                        2
   c - Inner Flame                    Hexes/Fire                   3
   d - Portal Projectile              Hexes/Translocation          3
   e - Cause Fear                     Hexes                        4
   f - Leda's Liquefaction            Hexes/Earth                  4
Comestibles
 f - 3 bread rations
 k - 2 royal jellies


   Skills:
 + Level 3.0 Fighting
 * Level 1.5 Maces & Flails
 - Level 2.0 Throwing
 + Level 2.6 Dodging
 - Level 1.2 Spellcasting
 - Level 2.6 Hexes


You had 4 spell levels left.
You knew the following spells:

 Your Spells              Type           Power        Failure   Level  Hunger
a - Corona                Hex            #......      9%          1    ##.....


Dungeon Overview and Level Annotations

Branches:
Dungeon (2/15)

Altars:


Innate Abilities, Weirdness & Mutations

You are too large for most types of armour.
((You have tough skin. (AC +1)))


Message History

You hit the adder.
The adder is severely wounded.
You feel sick. The adder bites you but does no damage.
The gnoll hits you but does no damage.
You miss the adder.
The adder is severely wounded.
The adder bites you but does no damage. x2; The gnoll completely misses you.
You closely miss the adder.
The adder is severely wounded.
The adder bites you but does no damage.
You hit the adder.
The adder is almost dead.
You feel sick. The gnoll hits you but does no damage.
The adder bites you but does no damage.
You hit the adder.
You kill the adder!
Your Fighting skill increases to level 3!
You have reached level 4!
The gnoll hits you from afar with a halberd!
You die...

### #..... #
###### # # # # # #
#####
############## #
#...##
#.......##...###
## .###.##
#.#####.##.....
##. ..###.####.###
#♣##...# #..
......†......#
#.###.#### ##.
#####.####.#.#
#.g.g....# #.#####
.###.## #.#.#
#..##.##.# #......
#...## #.. .
#..##.##.#########
#####
#........#.†.....#
## .##
##...###.#.....#.#
##. ..## #.##
#.#.###.#.# ##..
...# #.# #.#.#
....# ##...


You could see a gnoll.

Vanquished Creatures
  An adder (D:2)
  2 dart slugs (D:1)
  4 leopard geckos (D:1)
  6 bats
  3 giant cockroaches
  4 goblins
  5 hobgoblins
  5 kobolds
  2 frilled lizards (D:1)
  6 rats
38 creatures vanquished.

Notes
Turn   | Place    | Note
-------+----------+-------------------------------------------
     0 | D:1      | Knicklaso the Ogre Arcane Marksman began the quest for the Orb.
     0 | D:1      | Reached XP level 1. HP: 19/19 MP: 2/2
    98 | D:1      | Reached skill level 2 in Fighting
   115 | D:1      | Reached XP level 2. HP: 18/28 MP: 3/3
  1196 | D:1      | Reached XP level 3. HP: 12/36 MP: 4/4
  1781 | D:1      | Reached skill level 1 in Maces & Flails
  2403 | D:2      | Reached skill level 3 in Fighting
  2403 | D:2      | Reached XP level 4. HP: 6/45 MP: 5/5
  2403 | D:2      | Slain by a gnoll

Skill      XL: |  1  2  3 |
---------------+----------+-----
Dodging        | 2 |  2.6
Fighting       | 2 3 |  3.0
Maces & Flails | 1 |  1.5
Throwing       | |  2.0
Spellcasting   | |  1.2
Hexes          | |  2.6

Action                   |  1- 3 |  4- 6 || total
-------------------------+-------+-------++-------
Melee: Short sword       |    28 |       ||    28
       Unarmed           |    10 |       ||    10
       Club              |    91 |       ||    91
       Whip              |    31 |       ||    31
Throw: Stone             |   102 |       ||   102
  Use: Potion            |     1 |       ||     1
  Eat: Chunk             |     4 |       ||     4
Armor: Robe              |    54 |       ||    54
       Skin              |    10 |       ||    10
Dodge: Dodged            |   100 |       ||   100
